General information
- name: BNet
- type: Ladder team game (AT/RT)
- host: Battle.net
- saver: recordrapist.
map: FullScaleAssault
- players: 8
- length: 56:11
- speed: Fast
- version: 1.28 W3XP
- replay type: Public
» download(308 KB)
Players
team 1 (winner)
DDAS (
pink | 58 APM | 3266 actions | 56:11)
9 Blademaster
3 Wind Walk
3 Critical Strike
1 Bladestorm
2 Mirror Image
» actions
| Assign group hotkey | 50 | |
| Basic commands | 40 | |
| Build / train | 81 | |
| ESC pressed | 4 | |
| Enter build submenu | 70 | |
| Enter hero's abilities submenu | 9 | |
| Give item / drop item | 10 | |
| Remove unit from queue | 1 | |
| Right click | 1101 | |
| Select / deselect | 399 | |
| Select group hotkey | 1296 | |
| Use ability | 205 | |
3266 total
» units
| Peon | 12 | |
| Grunt | 4 | |
| Goblin Shredder | 1 | |
| Wind Rider | 21 | |
| Acolyte | 1 | |
39 total
» upgrades
| Ranged Weapons | 3 | |
| Envenomed Spears | 1 | |
| Reinforced Defenses | 1 | |
| Spiked Barricades | 1 | |
| Armor | 2 | |
8 total
» buildings
| Altar of Storms | 2 | |
| Orc Burrow | 16 | |
| Barracks | 1 | |
| Voodoo Lounge | 1 | |
| Stronghold | 1 | |
| War Mill | 1 | |
| Great Hall | 3 | |
| Watch Tower | 38 | |
| Fortress | 1 | |
| Beastiary | 3 | |
67 total
» build order
00:04 Altar of Storms
00:14 Orc Burrow
00:33 Barracks
01:27 Orc Burrow
01:50 Voodoo Lounge
04:38 Stronghold
04:42 War Mill
04:47 Orc Burrow
06:28 Great Hall
06:42 Watch Tower
06:44 Watch Tower
06:48 Watch Tower
07:00 Watch Tower
08:06 Watch Tower
08:06 Watch Tower
08:08 Watch Tower
08:10 Fortress
08:36 Watch Tower
08:40 Beastiary
08:41 Beastiary
09:33 Beastiary
12:01 Watch Tower
12:02 Watch Tower
12:03 Watch Tower
12:35 Orc Burrow
12:42 Orc Burrow
12:46 Orc Burrow
13:15 Orc Burrow
16:39 Watch Tower
16:40 Watch Tower
18:49 Watch Tower
22:43 Watch Tower
22:44 Watch Tower
22:44 Watch Tower
22:46 Watch Tower
24:14 Watch Tower
24:15 Watch Tower
24:15 Watch Tower
25:13 Watch Tower
25:15 Watch Tower
25:28 Watch Tower
27:20 Watch Tower
28:07 Great Hall
28:11 Watch Tower
28:11 Watch Tower
28:12 Watch Tower
28:13 Watch Tower
28:24 Watch Tower
28:53 Watch Tower
29:22 Watch Tower
29:23 Watch Tower
29:24 Watch Tower
29:26 Watch Tower
29:28 Watch Tower
29:41 Watch Tower
30:51 Watch Tower
34:12 Orc Burrow
34:13 Orc Burrow
34:14 Orc Burrow
34:15 Orc Burrow
34:17 Orc Burrow
35:13 Orc Burrow
35:14 Orc Burrow
35:16 Orc Burrow
35:19 Orc Burrow
39:34 Great Hall
42:15 Altar of Storms
» items
| Healing Salve | 6 | |
| Circlet of Nobility | 1 | |
| Boots of Speed | 1 | |
| Lesser Clarity Potion | 3 | |
| Orb of Lightning | 1 | |
| Scroll of Town Portal | 2 | |
| Potion of Invisibility | 1 | |
| Potion of Lesser Invulnerability | 2 | |
| Staff of Teleportation | 1 | |
| Dust of Appearance | 1 | |
19 total
recordrapist. (
purple | 83 APM | 4680 actions | 56:11)
8 Archmage
1 Summon Water Elemental
3 Brilliance Aura
3 Blizzard
1 Mass Teleport
5 Blood Mage
3 Flame Strike
2 Siphon Mana
» actions
| Assign group hotkey | 39 | |
| Basic commands | 689 | |
| Build / train | 198 | |
| ESC pressed | 1 | |
| Enter build submenu | 65 | |
| Enter hero's abilities submenu | 13 | |
| Give item / drop item | 9 | |
| Right click | 1320 | |
| Select / deselect | 597 | |
| Select group hotkey | 1313 | |
| Use ability | 436 | |
4680 total
» units
| Peasant | 17 | |
| Footman | 4 | |
| Goblin Zeppelin | 15 | |
| Gryphon Rider | 2 | |
| Goblin Shredder | 4 | |
| Dragonhawk Rider | 7 | |
49 total
» upgrades
| Masonry | 3 | |
| Swords | 3 | |
| Armor | 3 | |
| Storm Hammers | 1 | |
| Animal War Training | 1 | |
| Cloud | 1 | |
| Lumber Harvesting | 2 | |
| Plating | 2 | |
| Gunpowder | 2 | |
18 total
» buildings
| Altar of Kings | 1 | |
| Barracks | 1 | |
| Farm | 11 | |
| Arcane Vault | 1 | |
| Keep | 8 | |
| Town Hall | 2 | |
| Scout Tower | 38 | |
| Lumber Mill | 1 | |
| Guard Tower | 48 | |
| Arcane Tower | 8 | |
| Castle | 6 | |
| Gryphon Aviary | 6 | |
| Blacksmith | 1 | |
132 total
» build order
01:12 Altar of Kings
01:15 Barracks
01:17 Farm
01:23 Farm
01:24 Farm
02:21 Farm
02:28 Arcane Vault
03:16 Farm
03:38 Keep
03:38 Keep
03:39 Keep
04:35 Town Hall
04:37 Scout Tower
04:38 Scout Tower
04:40 Scout Tower
04:40 Scout Tower
05:06 Lumber Mill
05:13 Scout Tower
05:49 Scout Tower
06:19 Guard Tower
06:19 Guard Tower
06:20 Guard Tower
06:20 Guard Tower
06:22 Arcane Tower
06:25 Guard Tower
06:25 Guard Tower
06:26 Guard Tower
06:26 Guard Tower
07:53 Castle
07:53 Castle
07:53 Castle
08:06 Gryphon Aviary
09:27 Blacksmith
09:34 Gryphon Aviary
10:11 Scout Tower
10:12 Scout Tower
10:14 Scout Tower
10:17 Scout Tower
11:42 Guard Tower
11:42 Guard Tower
11:42 Guard Tower
14:59 Scout Tower
15:01 Scout Tower
15:03 Scout Tower
15:06 Scout Tower
15:20 Farm
15:21 Farm
15:31 Scout Tower
15:32 Scout Tower
15:33 Scout Tower
15:34 Scout Tower
15:36 Scout Tower
15:44 Guard Tower
15:44 Guard Tower
15:45 Guard Tower
16:02 Guard Tower
16:02 Guard Tower
16:02 Guard Tower
16:03 Guard Tower
16:04 Guard Tower
16:04 Guard Tower
16:08 Guard Tower
16:09 Guard Tower
16:09 Guard Tower
16:10 Guard Tower
16:10 Guard Tower
16:10 Guard Tower
19:32 Town Hall
19:34 Scout Tower
19:35 Scout Tower
19:35 Scout Tower
19:37 Scout Tower
19:38 Scout Tower
19:39 Scout Tower
19:43 Scout Tower
19:44 Scout Tower
19:46 Scout Tower
20:12 Guard Tower
20:12 Guard Tower
20:12 Guard Tower
20:33 Guard Tower
20:33 Guard Tower
20:33 Guard Tower
20:33 Guard Tower
21:09 Guard Tower
21:09 Guard Tower
21:09 Guard Tower
21:20 Gryphon Aviary
21:21 Gryphon Aviary
21:23 Gryphon Aviary
21:26 Gryphon Aviary
26:26 Farm
26:28 Farm
27:36 Keep
27:36 Keep
27:36 Keep
27:40 Farm
27:42 Farm
42:28 Castle
53:28 Scout Tower
53:29 Scout Tower
53:30 Scout Tower
53:32 Scout Tower
53:34 Scout Tower
53:35 Scout Tower
53:36 Scout Tower
53:37 Scout Tower
53:40 Scout Tower
53:41 Scout Tower
54:23 Arcane Tower
54:23 Arcane Tower
54:50 Arcane Tower
54:50 Arcane Tower
54:51 Arcane Tower
» items
| Scroll of Regeneration | 3 | |
| Staff of Teleportation | 2 | |
| Periapt of Vitality | 3 | |
| Tome of Retraining | 1 | |
| Lesser Clarity Potion | 1 | |
| Potion of Mana | 1 | |
| Scroll of Town Portal | 2 | |
| Staff of Sanctuary | 1 | |
| Circlet of Nobility | 1 | |
| Potion of Lesser Invulnerability | 2 | |
| Mechanical Critter | 3 | |
| Tiny Great Hall | 2 | |
22 total

»
Pot_Roast9850 (
orange | 38 APM | 2121 actions | 56:11)
6 Far Seer
2 Feral Spirit
3 Far Sight
1 Earth Quake
» actions
| Assign group hotkey | 26 | |
| Basic commands | 19 | |
| Build / train | 100 | |
| Enter build submenu | 68 | |
| Enter hero's abilities submenu | 6 | |
| Give item / drop item | 1 | |
| Remove unit from queue | 4 | |
| Right click | 871 | |
| Select / deselect | 554 | |
| Select group hotkey | 340 | |
| Use ability | 132 | |
2121 total
» units
| Peon | 16 | |
| Grunt | 4 | |
| Troll Headhunter/Berserker | 6 | |
| Raider | 9 | |
| Goblin Shredder | 2 | |
| Goblin Zeppelin | 1 | |
| Tauren | 3 | |
| Troll Batrider | 13 | |
| Demolisher | 8 | |
| Blue Dragon | 3 | |
65 total
» upgrades
| Armor | 3 | |
| Ensnare | 1 | |
| Pulverize | 1 | |
| Melee Weapons | 3 | |
| Pillage | 1 | |
| Reinforced Defenses | 1 | |
| Spiked Barricades | 3 | |
| Ranged Weapons | 4 | |
| Liquid Fire | 1 | |
| Burning Oil | 1 | |
19 total
» buildings
| Orc Burrow | 8 | |
| Altar of Storms | 1 | |
| Barracks | 3 | |
| Voodoo Lounge | 1 | |
| Great Hall | 2 | |
| War Mill | 1 | |
| Stronghold | 1 | |
| Watch Tower | 40 | |
| Fortress | 1 | |
| Beastiary | 3 | |
| Tauren Totem | 2 | |
| Spirit Lodge | 1 | |
64 total
» build order
00:08 Orc Burrow
00:16 Altar of Storms
01:47 Barracks
01:50 Voodoo Lounge
02:57 Orc Burrow
04:01 Great Hall
04:18 Orc Burrow
04:54 War Mill
05:17 Orc Burrow
05:33 Stronghold
06:20 Orc Burrow
06:29 Watch Tower
07:17 Watch Tower
07:37 Watch Tower
07:57 Fortress
08:25 Watch Tower
08:26 Orc Burrow
08:42 Watch Tower
09:18 Beastiary
09:25 Beastiary
10:01 Watch Tower
10:27 Watch Tower
10:29 Tauren Totem
10:41 Watch Tower
10:44 Watch Tower
11:19 Watch Tower
11:39 Orc Burrow
11:49 Tauren Totem
12:51 Orc Burrow
14:37 Beastiary
15:23 Watch Tower
15:27 Watch Tower
16:46 Watch Tower
16:49 Watch Tower
16:51 Watch Tower
17:11 Watch Tower
17:15 Watch Tower
17:55 Watch Tower
19:13 Watch Tower
19:21 Watch Tower
20:03 Watch Tower
20:05 Watch Tower
26:04 Great Hall
27:47 Watch Tower
27:49 Watch Tower
27:51 Watch Tower
27:52 Watch Tower
27:54 Watch Tower
34:00 Barracks
34:24 Barracks
36:28 Spirit Lodge
40:34 Watch Tower
40:39 Watch Tower
40:46 Watch Tower
40:48 Watch Tower
40:49 Watch Tower
40:49 Watch Tower
40:54 Watch Tower
40:55 Watch Tower
40:56 Watch Tower
41:55 Watch Tower
42:02 Watch Tower
42:04 Watch Tower
42:06 Watch Tower
» items
| Lesser Clarity Potion | 2 | |
| Scroll of Town Portal | 1 | |
3 total

»
lemoncheddar (
blue | 20 APM | 862 actions | 43:41)
6 Death Knight
3 Death Coil
2 Unholy Aura
1 Animate Dead
4 Lich
2 Frost Armor
2 Frost Nova
» actions
| Assign group hotkey | 35 | |
| Build / train | 82 | |
| Enter build submenu | 25 | |
| Enter hero's abilities submenu | 10 | |
| Remove unit from queue | 1 | |
| Right click | 177 | |
| Select / deselect | 315 | |
| Select group hotkey | 167 | |
| Use ability | 50 | |
862 total
» units
| Acolyte | 12 | |
| Ghoul | 5 | |
| Crypt Fiend | 6 | |
| Frost Wyrm | 19 | |
| Gargoyle | 6 | |
48 total
» upgrades
| Creature Attack | 3 | |
| Creature Carapace | 3 | |
| Web | 1 | |
| Freezing Breath | 1 | |
8 total
» buildings
| Altar of Darkness | 1 | |
| Ziggurat | 10 | |
| Crypt | 1 | |
| Graveyard | 1 | |
| Nerubian Tower | 1 | |
| Tomb of Relics | 1 | |
| Spirit Tower | 6 | |
| Halls of the Dead | 1 | |
| Sacrificial Pit | 1 | |
| Black Citadel | 1 | |
| Necropolis | 4 | |
| Boneyard | 2 | |
30 total
» build order
00:09 Altar of Darkness
00:11 Ziggurat
00:26 Crypt
01:02 Graveyard
01:12 Nerubian Tower
01:29 Ziggurat
02:06 Tomb of Relics
02:43 Spirit Tower
04:21 Halls of the Dead
04:49 Ziggurat
05:53 Ziggurat
07:07 Sacrificial Pit
07:47 Black Citadel
08:16 Necropolis
08:23 Necropolis
08:34 Ziggurat
08:43 Ziggurat
09:35 Spirit Tower
10:09 Spirit Tower
10:53 Boneyard
11:04 Boneyard
11:54 Ziggurat
11:54 Ziggurat
19:17 Necropolis
19:20 Ziggurat
19:49 Spirit Tower
19:50 Spirit Tower
20:21 Spirit Tower
24:13 Ziggurat
31:20 Necropolis
» items
| Rod of Necromancy | 1 | |
| Sacrificial Skull | 1 | |
| Scroll of Town Portal | 2 | |
4 total
team 2 (loser)

»
eat_a_deck (
teal | 50 APM | 1148 actions | 23:01)
5 Death Knight
3 Death Coil
2 Unholy Aura
5 Dark Ranger
3 Black Arrow
2 Silence
» actions
| Assign group hotkey | 18 | |
| Basic commands | 1 | |
| Build / train | 78 | |
| Enter build submenu | 18 | |
| Enter hero's abilities submenu | 10 | |
| Give item / drop item | 6 | |
| Remove unit from queue | 2 | |
| Right click | 437 | |
| Select / deselect | 323 | |
| Select group hotkey | 182 | |
| Use ability | 73 | |
1148 total
» units
| Acolyte | 17 | |
| Ghoul | 4 | |
| Crypt Fiend | 7 | |
| Frost Wyrm | 4 | |
| Goblin Shredder | 1 | |
33 total
» upgrades
| Creature Attack | 3 | |
| Creature Carapace | 4 | |
| Web | 1 | |
| Ghoul Frenzy | 1 | |
| Freezing Breath | 1 | |
10 total
» buildings
| Graveyard | 1 | |
| Crypt | 1 | |
| Altar of Darkness | 1 | |
| Ziggurat | 16 | |
| Tomb of Relics | 2 | |
| Nerubian Tower | 5 | |
| Necropolis | 1 | |
| Halls of the Dead | 1 | |
| Spirit Tower | 7 | |
| Sacrificial Pit | 1 | |
| Black Citadel | 1 | |
| Boneyard | 2 | |
39 total
» build order
00:31 Graveyard
00:40 Crypt
00:45 Altar of Darkness
01:09 Ziggurat
01:19 Ziggurat
01:41 Tomb of Relics
02:18 Nerubian Tower
02:50 Ziggurat
05:55 Necropolis
06:03 Halls of the Dead
07:44 Ziggurat
07:45 Ziggurat
07:50 Ziggurat
08:42 Nerubian Tower
08:46 Spirit Tower
08:50 Spirit Tower
09:03 Sacrificial Pit
09:27 Black Citadel
09:43 Ziggurat
09:58 Tomb of Relics
12:30 Boneyard
12:32 Boneyard
14:15 Nerubian Tower
17:33 Ziggurat
17:34 Ziggurat
17:35 Ziggurat
17:36 Ziggurat
17:37 Ziggurat
18:28 Spirit Tower
18:30 Nerubian Tower
18:32 Spirit Tower
18:34 Spirit Tower
18:37 Nerubian Tower
19:52 Ziggurat
19:54 Ziggurat
19:56 Ziggurat
20:01 Ziggurat
20:47 Spirit Tower
20:50 Spirit Tower
» items
| Rod of Necromancy | 2 | |
| Orb of Corruption | 1 | |
| Dust of Appearance | 1 | |
| Scroll of Healing | 1 | |
| Scroll of Town Portal | 1 | |
6 total
ROD-TUMER (
green | 64 APM | 3571 actions | 56:11)
7 Blademaster
3 Wind Walk
3 Critical Strike
1 Bladestorm
1 Death Knight
1 Animate Dead
» actions
| Assign group hotkey | 61 | |
| Basic commands | 40 | |
| Build / train | 139 | |
| Enter build submenu | 67 | |
| Enter hero's abilities submenu | 9 | |
| Give item / drop item | 16 | |
| Right click | 1508 | |
| Select / deselect | 601 | |
| Select group hotkey | 783 | |
| Use ability | 347 | |
3571 total
» units
| Peon | 36 | |
| Grunt | 3 | |
| Goblin Shredder | 14 | |
| Goblin Zeppelin | 3 | |
| Wind Rider | 4 | |
| Blue Dragon | 24 | |
| Troll Batrider | 10 | |
| Goblin Sapper | 2 | |
| Blue Drake | 3 | |
99 total
» upgrades
| Reinforced Defenses | 1 | |
| Envenomed Spears | 1 | |
| Ranged Weapons | 2 | |
| Armor | 2 | |
| Liquid Fire | 1 | |
7 total
» buildings
| Altar of Storms | 2 | |
| Orc Burrow | 10 | |
| Barracks | 1 | |
| Voodoo Lounge | 2 | |
| Stronghold | 5 | |
| War Mill | 2 | |
| Great Hall | 4 | |
| Watch Tower | 136 | |
| Beastiary | 5 | |
| Fortress | 3 | |
170 total
» build order
00:06 Altar of Storms
00:19 Orc Burrow
00:36 Barracks
01:22 Orc Burrow
01:56 Voodoo Lounge
03:24 Stronghold
03:24 Stronghold
03:51 War Mill
04:23 Great Hall
06:12 Watch Tower
06:12 Watch Tower
06:13 Watch Tower
06:27 Orc Burrow
06:58 Beastiary
07:09 Watch Tower
07:35 Fortress
07:35 Fortress
08:19 Great Hall
08:22 Watch Tower
08:22 Watch Tower
08:23 Watch Tower
08:33 Watch Tower
08:53 Beastiary
09:32 Watch Tower
09:33 Watch Tower
09:41 Watch Tower
10:18 Watch Tower
10:19 Watch Tower
10:19 Watch Tower
10:20 Watch Tower
10:20 Watch Tower
10:46 Watch Tower
11:15 Watch Tower
11:15 Watch Tower
11:16 Watch Tower
11:16 Watch Tower
11:54 Watch Tower
11:54 Watch Tower
12:07 Watch Tower
12:45 Orc Burrow
12:56 Beastiary
14:16 Watch Tower
15:06 Watch Tower
15:07 Watch Tower
16:18 Orc Burrow
16:22 Watch Tower
16:22 Watch Tower
16:53 Watch Tower
16:53 Watch Tower
16:54 Watch Tower
16:54 Watch Tower
16:55 Watch Tower
17:29 Watch Tower
17:30 Watch Tower
17:32 Watch Tower
20:18 Great Hall
20:20 Watch Tower
20:21 Watch Tower
20:21 Watch Tower
20:22 Watch Tower
20:23 Watch Tower
20:24 Watch Tower
21:54 Watch Tower
22:35 Watch Tower
23:03 Watch Tower
23:29 Watch Tower
23:30 Watch Tower
23:30 Watch Tower
23:30 Watch Tower
23:31 Watch Tower
23:31 Watch Tower
23:32 Watch Tower
23:32 Watch Tower
23:33 Watch Tower
23:33 Watch Tower
23:34 Watch Tower
24:06 Watch Tower
24:07 Watch Tower
24:07 Watch Tower
24:07 Watch Tower
25:01 Watch Tower
25:02 Watch Tower
25:02 Watch Tower
25:02 Watch Tower
25:37 Watch Tower
25:37 Watch Tower
25:38 Watch Tower
25:38 Watch Tower
25:39 Watch Tower
25:39 Watch Tower
25:40 Watch Tower
25:41 Watch Tower
25:41 Watch Tower
25:41 Watch Tower
25:42 Watch Tower
25:42 Watch Tower
25:43 Watch Tower
26:56 Voodoo Lounge
27:11 Watch Tower
27:11 Watch Tower
27:12 Watch Tower
27:12 Watch Tower
27:12 Watch Tower
27:16 Watch Tower
27:18 Watch Tower
27:38 Watch Tower
27:38 Watch Tower
27:39 Watch Tower
27:39 Watch Tower
27:39 Watch Tower
27:40 Watch Tower
27:40 Watch Tower
28:28 Watch Tower
28:29 Watch Tower
28:29 Watch Tower
28:31 Watch Tower
28:31 Watch Tower
28:54 Watch Tower
28:54 Watch Tower
28:55 Watch Tower
29:13 Watch Tower
29:14 Watch Tower
29:24 Watch Tower
29:24 Watch Tower
29:25 Watch Tower
29:26 Watch Tower
29:26 Watch Tower
32:22 Watch Tower
32:23 Watch Tower
32:23 Watch Tower
32:24 Watch Tower
32:24 Watch Tower
32:25 Watch Tower
32:28 Watch Tower
32:29 Watch Tower
35:03 Watch Tower
35:04 Watch Tower
35:04 Watch Tower
35:04 Watch Tower
35:05 Watch Tower
35:05 Watch Tower
35:06 Watch Tower
35:29 Watch Tower
35:31 Watch Tower
35:36 Watch Tower
35:36 Watch Tower
35:37 Watch Tower
35:39 Watch Tower
35:46 Watch Tower
37:52 Watch Tower
37:53 Watch Tower
38:03 Altar of Storms
38:06 Stronghold
38:06 Stronghold
38:25 Stronghold
40:27 Orc Burrow
40:27 Orc Burrow
40:29 Orc Burrow
40:30 Orc Burrow
41:56 Beastiary
42:02 Beastiary
42:06 Orc Burrow
43:40 Great Hall
43:43 War Mill
45:40 Watch Tower
45:40 Watch Tower
45:41 Watch Tower
45:42 Watch Tower
45:42 Watch Tower
» items
| Healing Salve | 5 | |
| Rod of Necromancy | 1 | |
| Scroll of Town Portal | 4 | |
| Staff of Teleportation | 1 | |
| Orb of Lightning | 1 | |
| Scroll of Healing | 1 | |
| Potion of Lesser Invulnerability | 1 | |
14 total
xBubiGumix (
red | 98 APM | 2237 actions | 22:44)
7 Tauren Chieftain
3 Endurance Aura
3 War Stomp
1 Reincarnation
» actions
| Assign group hotkey | 112 | |
| Basic commands | 11 | |
| Build / train | 168 | |
| Enter build submenu | 17 | |
| Enter hero's abilities submenu | 7 | |
| Give item / drop item | 3 | |
| Right click | 1333 | |
| Select / deselect | 401 | |
| Select group hotkey | 71 | |
| Use ability | 114 | |
2237 total
» units
| Peon | 27 | |
| Troll Headhunter/Berserker | 57 | |
| Blue Drake | 6 | |
| Shaman | 6 | |
| Troll Witch Doctor | 3 | |
99 total
» upgrades
| Ranged Weapons | 3 | |
| Armor | 2 | |
| Troll Regeneration | 1 | |
| Berserker Upgrade | 1 | |
| Shaman Training | 2 | |
| Witch Doctor Training | 2 | |
| Reinforced Defenses | 1 | |
| Spiked Barricades | 1 | |
13 total
» buildings
| Altar of Storms | 1 | |
| Orc Burrow | 6 | |
| War Mill | 1 | |
| Barracks | 2 | |
| Voodoo Lounge | 2 | |
| Stronghold | 3 | |
| Fortress | 2 | |
| Spirit Lodge | 2 | |
| Great Hall | 3 | |
22 total
» build order
00:06 Altar of Storms
00:09 Orc Burrow
01:02 War Mill
01:23 Orc Burrow
01:59 Barracks
02:42 Barracks
03:18 Orc Burrow
04:05 Voodoo Lounge
04:11 Voodoo Lounge
05:23 Stronghold
05:23 Stronghold
06:41 Orc Burrow
06:48 Orc Burrow
08:07 Fortress
08:07 Fortress
08:14 Spirit Lodge
08:17 Spirit Lodge
08:26 Great Hall
10:36 Great Hall
19:25 Orc Burrow
19:31 Great Hall
» items
| Healing Salve | 3 | |
| Circlet of Nobility | 1 | |
| Scroll of Town Portal | 2 | |
6 total
cards60 (
yellow | 27 APM | 816 actions | 29:59)
3 Shadow Hunter
1 Healing Wave
1 Hex
1 Serpent Ward
3 Beastmaster
2 Summon Bear
1 Summon Hawk
1 Tauren Chieftain
1 Shockwave
» actions
| Basic commands | 17 | |
| Build / train | 79 | |
| Enter build submenu | 21 | |
| Enter hero's abilities submenu | 7 | |
| Remove unit from queue | 1 | |
| Right click | 434 | |
| Select / deselect | 217 | |
| Use ability | 39 | |
816 total
» units
| Peon | 24 | |
| Grunt | 6 | |
| Troll Headhunter/Berserker | 5 | |
| Goblin Shredder | 2 | |
| Shaman | 5 | |
| Tauren | 4 | |
| Blue Drake | 1 | |
| Blue Dragon Whelp | 1 | |
48 total
» upgrades
| Pillage | 1 | |
| Melee Weapons | 3 | |
| Armor | 3 | |
| Ranged Weapons | 2 | |
| Spiked Barricades | 2 | |
| Shaman Training | 2 | |
| Troll Regeneration | 1 | |
| Berserker Strength | 1 | |
| Berserker Upgrade | 1 | |
| Reinforced Defenses | 1 | |
17 total
» buildings
| Orc Burrow | 7 | |
| Altar of Storms | 1 | |
| Barracks | 1 | |
| War Mill | 1 | |
| Voodoo Lounge | 1 | |
| Great Hall | 4 | |
| Stronghold | 1 | |
| Fortress | 1 | |
| Spirit Lodge | 1 | |
| Tauren Totem | 1 | |
| Watch Tower | 1 | |
20 total
» build order
00:27 Orc Burrow
00:52 Altar of Storms
01:26 Barracks
01:31 War Mill
02:01 Voodoo Lounge
02:12 Orc Burrow
03:11 Orc Burrow
04:28 Orc Burrow
05:32 Great Hall
05:44 Stronghold
08:28 Orc Burrow
09:24 Fortress
09:34 Spirit Lodge
10:56 Orc Burrow
14:00 Tauren Totem
14:50 Orc Burrow
15:59 Watch Tower
19:39 Great Hall
20:18 Great Hall
22:24 Great Hall
» items
Chat log
(04:06 / Allies) Pot_Roast9850: thnks
(04:12 / Allies) lemoncheddar: ya
(04:25 / Allies) Pot_Roast9850: in a min
(04:29 / Allies) Pot_Roast9850: gonna heal at fountain
(13:29 / Allies) Pot_Roast9850: where the fuck are their units
(13:43 / Allies) Pot_Roast9850: teal goin frosties
(14:13 / Allies) lemoncheddar: but slow
(14:16 / Allies) lemoncheddar: should hit soon
(15:48 / Allies) Pot_Roast9850: tp?
(15:51 / All) ROD-TUMER: wtf
(15:54 / All) ROD-TUMER: were u stuck lol
(16:06 / Allies) lemoncheddar: omw
(17:17 / All) recordrapist.: rape lol
(18:15 / All) ROD-TUMER: nice mh pink
(19:28 / Allies) Pot_Roast9850: got yellows main
(19:35 / Allies) lemoncheddar: noice
(22:30 / All) recordrapist.: lol
(22:35 / All) recordrapist.: teal is really having a bad time this game
(23:03 / All) recordrapist.: teal being raped by heroes all game and now loses his whole base to them and raiders
(23:05 / All) recordrapist.: LOL RAGEQUIT
(28:18 / Allies) lemoncheddar: tp here
(29:05 / Allies) Pot_Roast9850: protect my catapults
(33:10 / Allies) DDAS: wtf
(33:47 / Allies) recordrapist.: Sorry, I have to kill you for infringing on my patent
(33:58 / Allies) recordrapist.: mass expo, mass tower and air is a patented strategy
(34:02 / Allies) DDAS: why my borrows
(34:06 / Allies) recordrapist.: I don't like anyone else on ladder doing what I do tyvm
(34:19 / Allies) recordrapist.: so you can't build more units
(35:14 / Allies) Pot_Roast9850: purple
(35:17 / Allies) Pot_Roast9850: stop dicking around
(35:22 / Allies) recordrapist.: nice try, pink
(35:25 / Allies) recordrapist.: I'm the authority here
(35:28 / Allies) recordrapist.: and I'm putting you down!
(36:27 / Allies) DDAS: why dont you kill green
(36:32 / Allies) DDAS: isint he infringing too
(36:48 / Allies) recordrapist.: He has a license from me
(37:03 / Allies) recordrapist.: blue
(37:08 / Allies) recordrapist.: unsummon both your expos as well as your towers
(37:11 / Allies) recordrapist.: or I have to kill you too
(37:14 / Allies) recordrapist.: sorry, but that's the law man
(37:27 / Allies) lemoncheddar: i understand
(37:29 / Allies) recordrapist.: unsummon
(37:47 / Allies) Pot_Roast9850: PURPLE
(37:51 / Allies) Pot_Roast9850: WHAT THE FUCK ARE YOU DOING
(37:52 / Allies) recordrapist.: what?
(37:55 / Allies) recordrapist.: I'm enforcing the law
(38:00 / Allies) recordrapist.: war3 players are infringing on my patents
(38:04 / Allies) recordrapist.: and stealing my strategies
(38:22 / Allies) Pot_Roast9850: i cant believe this
(38:24 / Allies) Pot_Roast9850: what a waste of time
(38:27 / Allies) recordrapist.: too many towers orange
(38:29 / All) ROD-TUMER: leave plz
(38:30 / Allies) recordrapist.: kill yours or I kill you too
(38:33 / Allies) recordrapist.: double expo and mass towers
(38:37 / Allies) Pot_Roast9850: go fuck yourself
(38:38 / Allies) Pot_Roast9850: faggot
(38:44 / Allies) recordrapist.: that's not allowed in my warcraft from anyone I don't specifically license to do it
(38:53 / Allies) recordrapist.: maybe I will have a fap after this match
(39:16 / Allies) recordrapist.: does that count as fucking yourself
(39:34 / All) Pot_Roast9850: fortunately for you
(39:39 / All) Pot_Roast9850: Purple is a faggot
(39:41 / All) Pot_Roast9850: youre gonna win
(39:43 / All) Pot_Roast9850: cause hes tking
(39:46 / All) ROD-TUMER: i eanred it
(39:49 / All) ROD-TUMER: im winnign cuz im better
(39:50 / All) Pot_Roast9850: no u didnt
(39:51 / All) recordrapist.: Orange fears the queers
(39:55 / All) recordrapist.: he's a homophobe
(40:11 / All) ROD-TUMER: i dont want excuses. ur losing cuz im better
(40:20 / Allies) recordrapist.: bad boy pink
(40:25 / Allies) recordrapist.: did I give you permission to have a blademaster?
(40:59 / Allies) recordrapist.: I didn't give you permission, pink
(41:13 / Allies) recordrapist.: you have to check with the authorities before you do something like that
(41:27 / Allies) Pot_Roast9850: squelching you
(41:33 / Allies) recordrapist.: killing you
(41:37 / All) ROD-TUMER: leave please. give me credit
(41:41 / All) Pot_Roast9850: nah
(42:32 / All) Pot_Roast9850: Afk
(42:50 / All) ROD-TUMER: 100 bux says he never goes afk
(43:11 / All) ROD-TUMER: bad boy pink
(43:23 / All) ROD-TUMER: poor pink
(43:48 / All) recordrapist.: I told my team they weren't allowed to mass towers and expos
(43:51 / All) recordrapist.: and what's orange doing
(43:54 / All) recordrapist.: massing towers in his base
(43:56 / All) recordrapist.: very bad boy
(44:04 / All) ROD-TUMER: he isnt afk i bet still
(45:24 / All) ROD-TUMER: pink is upset i got the first dragon i recon
(45:31 / All) recordrapist.: Orange didn't put up a fight with his towers
(45:33 / All) recordrapist.: I guess he is AFK
(46:14 / Allies) recordrapist.: thanks for the handy unsummon
(47:29 / All) recordrapist.: finish orange's base
(47:36 / All) ROD-TUMER: yessir
(48:20 / Allies) recordrapist.: you guys lose
(48:23 / Allies) recordrapist.: you get a loss for your crimes
(48:36 / Allies) recordrapist.: but if you leave, you'll only get a tie
(48:45 / Allies) DDAS: nah ill take a loss
(48:51 / Allies) recordrapist.: eager to lose, pal?
(48:56 / Allies) DDAS: ye
(48:56 / Allies) recordrapist.: 6-3
(49:00 / Allies) recordrapist.: 6-4 now
(49:05 / Allies) DDAS: dont care
(49:14 / Allies) recordrapist.: then why not leave and get it out of the way
(49:19 / Allies) DDAS: not trying to break any world records
(51:07 / Allies) DDAS: i wanna make you do the work
(51:11 / Allies) recordrapist.: It's not work
(51:12 / Allies) recordrapist.: and it's almost over
(51:15 / Allies) recordrapist.: I'm having fun, are you?
(51:21 / Allies) DDAS: yea
(51:26 / Allies) DDAS: making u do what i say
(51:27 / Allies) recordrapist.: enjoy watching yourself get a loss?
(51:36 / Allies) recordrapist.: would you like me to go afk for hours instead
(51:45 / Allies) recordrapist.: I don't have to do what you say, pal
(51:53 / Allies) DDAS: yes you do
(52:03 / Allies) DDAS: now give me the loss
(52:09 / Allies) recordrapist.: I'm in control
(52:15 / Allies) recordrapist.: you aren't and you never will be
(52:17 / Allies) DDAS: your not
(52:23 / All) ROD-TUMER: im pretty upset at oj
(52:27 / Allies) DDAS: i want the loss and i want it now
(52:31 / All) ROD-TUMER: he attacked my island before finishing bottom 2 main bases
(52:31 / Allies) DDAS: do as i say
(52:42 / Allies) recordrapist.: Too bad, you're going to have to wait pal
(52:53 / Allies) DDAS: that's fine with me
(52:53 / All) recordrapist.: Pink thinks he can reverse psychology me and say he's in control
(52:58 / Allies) DDAS: as long as i get the loss
(52:58 / All) recordrapist.: and I can give him the loss now
(53:08 / All) recordrapist.: But I'm in control and he's going to have to wait for it
(53:38 / All) Pot_Roast9850: hey fellas
(53:41 / All) Pot_Roast9850: We still goin here?
(53:47 / All) ROD-TUMER: hello mr never went afk
(53:52 / All) Pot_Roast9850: i was,
(53:52 / All) recordrapist.: Pink thinks he can reverse psychology me
(53:54 / All) recordrapist.: but he can't
(53:54 / All) Pot_Roast9850: did some dishes
(53:57 / All) Pot_Roast9850: took the trash out
(54:20 / All) Pot_Roast9850: looks like ill check back in in another 20
(54:27 / All) ROD-TUMER: im going afk actually now
(54:42 / All) Pot_Roast9850: Lol, ill leave this shit run overnight if i have to
(54:42 / All) DDAS: i am watching the hockey game
(55:11 / All) Pot_Roast9850: ill check back in another 30